 Dungeon Crawl Stone Soup version 0.31-a0-865-g3d5d91748a (webtiles) character file.

Game seed: 3985225559948017845

158 wvc the Firebug (level 5, -10/38 HPs)
             Began as a Hill Orc Fire Elementalist on Oct 10, 2023.
             Mangled by a wyvern (18 damage)
             ... on level 4 of the Dungeon.
             The game lasted 00:07:45 (3675 turns).

wvc the Firebug (Hill Orc Fire Elementalist)        Turns: 3675, Time: 00:07:46

Health: -10/38     AC:  3    Str: 11    XL:     5   Next: 39%
Magic:  8/8        EV: 12    Int: 13    God:
Gold:   140        SH:  0    Dex: 11    Spells: 2/9 levels left

rFire   . . .        o - +0 dagger (venom)
rCold   . . .        (no shield)
rNeg    . . .        a - +0 robe
rPois   .            (no helmet)
rElec   .            (no cloak)
rCorr   +            h - +0 pair of gloves
SInv    .            (no boots)
Will    .....        l - amulet of the acrobat
Stlth   ++           d - ring of resist corrosion
HPRegen 0.26/turn    (no ring)
MPRegen 0.11/turn

%: acrobat
@: no status effects
A: dopey 2
a: no special abilities


You were on level 4 of the Dungeon.
You visited 1 branch of the dungeon, and saw 4 of its levels.

You collected 140 gold pieces.

Inventory:

Hand Weapons
 o - a +0 dagger of venom (weapon)
Missiles
 p - 3 poisoned darts
Armour
 a - a +0 robe (worn)
 h - a +0 pair of gloves (worn)
Jewellery
 d - a ring of resist corrosion (left hand)
 l - an amulet of the acrobat (around neck)
Talismans
 k - a beast talisman
 m - a blade talisman
Wands
 q - a wand of paralysis (8)
Scrolls
 e - a scroll of enchant weapon {unknown}
 n - a scroll of fog
Potions
 b - a potion of magic
 c - 2 potions of heal wounds
 j - a potion of invisibility
 r - a potion of curing


   Skills:
 - Level 1.5 Dodging
 - Level 1.5 Stealth
 + Level 2.5 Spellcasting
 + Level 2.1 Conjurations
 + Level 5.2 Fire Magic


You had 2 spell levels left.
You knew the following spells:

 Your Spells              Type           Power      Damage    Failure   Level
a - Foxfire               Conj/Fire      44%        2x1d6     5%          1
b - Scorch                Fire           30%        2d6       4%          2
c - Flame Wave            Conj/Fire      11%        2d6       45%         4

Your spell library contained the following spells:

 Spells                   Type           Power      Damage    Failure   Level
 Inner Flame              Hex/Fire       8%         N/A       24%         3
 Volatile Blastmotes      Fire/Tloc      16%        2d11      24%         3


Dungeon Overview and Level Annotations

Branches:
Dungeon (4/15)
 Temple: D:4-7

Altars:
Ashenzari
Uskayaw

Shops:
D:2 =

Annotations:
D:4 exclusion: phantom


Innate Abilities, Weirdness & Mutations

You are very dopey. (Int -4)


Message History

The iguana bites you.
The foxfire hits the iguana but does no damage.
The iguana is severely wounded.
The foxfire hits the iguana but does no damage.
The iguana is severely wounded.
Casting: Foxfire (safe; 4% risk of failure)
Press: ? - help, Q - select action, (/) - cycle Dir - look around, f - activate You conjure some foxfire!
The iguana barely misses you.
The foxfire hits the iguana.
The iguana is almost dead.
The foxfire hits the iguana but does no damage.
The iguana is almost dead.
Casting: Foxfire (safe; 4% risk of failure)
Press: ? - help, Q - select action, (/) - cycle Dir - look around, f - activate You conjure some foxfire!
The iguana misses you.
The foxfire hits the iguana.
You kill the iguana!
f - a scroll of identify A wyvern comes into view.
As you read the scroll of identify, it crumbles to dust.
v - 2 potions of mutation The wyvern hisses angrily.
You feel extremely strange.
Your connection to magic feels subdued.
Iridescent scales grow over part of your body.
You feel extremely strange.
Your magic regains its normal vibrancy.
Your iridescent scales disappear.
You feel stupid. x2
It was a potion of cancellation.
You feel magically purged.
You closely miss the wyvern. The wyvern bites you.
You hit the wyvern but do no damage.
The wyvern is poisoned.
The wyvern closely misses you. The wyvern bites you!
You barely miss the wyvern. The wyvern bites you!
* * * LOW HITPOINT WARNING * * *
You hit the wyvern but do no damage.
The wyvern looks as sick as possible!
The wyvern is lightly wounded.
The wyvern closely misses you. The wyvern bites you!!
You die...

####.# #.### ..##.#
#.... #.##.# #.###
#.##.# #[### #.##.#
#.... #.##.# #.###
########.##.###.###
####.#..................
......l@.......#.###.###
####.###..##...#.###.###
#...........#........
######...........รท...
####.##..##........
#.##.##............
#.##...............
#.##.##..#.........
#.##.##..#.........


You could see a wyvern (extremely poisoned).

Vanquished Creatures
  2 iguanas (D:4)
  4 adders
  4 dart slugs
  An orc (D:3)
  2 endoplasms
  A giant cockroach (D:3)
  2 goblins
  8 hobgoblins
  8 kobolds
  5 quokkas
  5 ball pythons
  10 bats
  3 frilled lizards
  7 rats
62 creatures vanquished.

Vanquished Creatures (others)
  122 foxfires
122 creatures vanquished.

Grand Total: 184 creatures vanquished

Notes
Turn   | Place    | Note
-------+----------+-------------------------------------------
     0 | D:1      | wvc the Hill Orc Fire Elementalist began the quest for the
                  | Orb.
     0 | D:1      | Reached XP level 1. HP: 14/14 MP: 3/3
   119 | D:1      | Reached XP level 2. HP: 20/20 MP: 0/4
   416 | D:1      | Reached skill level 4 in Fire Magic
   680 | D:1      | Reached XP level 3. HP: 22/26 MP: 0/5
  1568 | D:2      | Found Veilipt's Jewellery Shop.
  2027 | D:3      | Learned a level 2 spell: Scorch
  2103 | D:3      | Found a hide-covered altar of Uskayaw.
  2116 | D:3      | Reached XP level 4. HP: 33/33 MP: 3/7
  2414 | D:3      | Found a broken altar of Ashenzari.
  2418 | D:3      | Saw a vision of the Shoals and the Spider Nest.
  2418 | D:3      | Noticed a merfolk siren
  2418 | D:3      | Noticed a sea snake
  2418 | D:3      | Noticed a merfolk
  2418 | D:3      | Noticed a steelbarb worm
  2418 | D:3      | Noticed a steelbarb worm
  2418 | D:3      | Noticed a merfolk
  2418 | D:3      | Noticed a wolf spider
  2418 | D:3      | Noticed a moth of wrath
  2418 | D:3      | Noticed a skyshark
  2418 | D:3      | Noticed a culicivora
  2418 | D:3      | Noticed a demonic crawler
  2418 | D:3      | Noticed a cyclops
  2418 | D:3      | Noticed a redback
  2418 | D:3      | Noticed a manticore
  2418 | D:3      | Noticed a manticore
  2418 | D:3      | Noticed a skyshark
  2418 | D:3      | Noticed an orb spider
  2418 | D:3      | Noticed a boulder beetle
  2418 | D:3      | Noticed a demonic crawler
  2418 | D:3      | Noticed a sea snake
  2418 | D:3      | Noticed a jumping spider
  2418 | D:3      | Noticed a merfolk siren
  2419 | D:3      | Noticed a culicivora
  2421 | D:3      | Noticed a redback
  2421 | D:3      | Noticed a torpor snail
  3234 | D:4      | Reached skill level 5 in Fire Magic
  3294 | D:4      | Noticed a phantom
  3391 | D:4      | Reached XP level 5. HP: 18/38 MP: 5/8
  3400 | D:4      | Learned a level 4 spell: Flame Wave
  3667 | D:4      | Noticed a wyvern
  3669 | D:4      | Gained mutation: Your spells are a little easier to cast,
                  | but a little less powerful. [potion of mutation]
  3669 | D:4      | Gained mutation: You are partially covered in iridescent
                  | scales. (AC +2) [potion of mutation]
  3670 | D:4      | Lost mutation: Your spells are a little easier to cast, but
                  | a little less powerful. [potion of mutation]
  3670 | D:4      | Lost mutation: You are partially covered in iridescent
                  | scales. (AC +2) [potion of mutation]
  3670 | D:4      | Gained mutation: You are dopey. (Int -2) [potion of
                  | mutation]
  3670 | D:4      | Gained mutation: You are very dopey. (Int -4) [potion of
                  | mutation]
  3675 | D:4      | Mangled by a wyvern

Illustrated notes

Levels and vault maps discovered:
D:1:      ncdulo_smallfort, layout_basic, minmay_bisected
D:2:      layout_loops_ring, serial_shops, shop
D:3:      layout_basic, grunt_ashenzari_visionary
          [grunt_ashenzari_visionary_shoals, grunt_ashenzari_visionary_spider],
          eat_drink_and_be_merry_uskayaw
D:4:      layout_basic

Skill      XL: |  1  2  3  4 |
---------------+-------------+-----
Fire Magic     | 4 5 |  5.2
Spellcasting   | 2 |  2.5
Conjurations   | 2 |  2.1
Dodging        | |  1.5
Stealth        | |  1.5

Action                     |  1- 3 |  4- 6 || total
---------------------------+-------+-------++-------
  Melee: Unarmed           |     2 |       ||     2
         Dagger            |    28 |    35 ||    63
         Punch             |       |     1 ||     1
   Cast: Foxfire           |    46 |    30 ||    76
    Use: Scroll            |       |    10 ||    10
         Potion            |       |     3 ||     3
   Stab: Sleeping          |     1 |     1 ||     2
 Armour: Robe              |    32 |    25 ||    57
  Dodge: Dodged            |    51 |    25 ||    76

Table legend: (Time is in decaauts)
 A = Elapsed time spent in this place.
 B = Non-inter-level travel time spent in this place.
 C = Inter-level travel time spent in this place.
 D = Time resting spent in this place.
 E = Time spent auto-exploring this place.
 F = Levels seen in this place.
 G = Mean time per level.
                   A        B        C        D        E       F      G
               +--------+--------+--------+--------+--------+-----+--------+
         Total |   3672 |   3428 |    244 |    103 |   2755 |   4 |  918.0 |
       Dungeon |   3672 |   3428 |    244 |    103 |   2755 |   4 |  918.0 |
               +--------+--------+--------+--------+--------+-----+--------+

Top non-repeatable levels by time:
     D:1: 1303 daAuts
     D:3: 1197 daAuts
     D:2: 716 daAuts
     D:4: 455 daAuts
